Map: Oxide LE

Players

Reynor - Winner!

  • Race: Zerg Zerg

uwuThermal (uThermal)

  • Race: Terran Terran
  • League: Master

Event: DreamHack SC2 Masters 2021 Summer

VOD

Have the link to the VOD?

Description

Time

  • Played on: May 30, 2021, 1:20 p.m.
  • Length: 11:43

All games in this series

Show
View Real Time Build Order
Export as new Build Order

Reynor Zerg - Winner!

Build Orders: Hatch First 

Get SALT Encoding   

  12  0:00  Drone  
  13  0:12  Overlord  
  13  0:17  Drone  
  14  0:30  Drone x2  
  16  0:47  Hatchery  
  15  0:51  Drone  
  15  0:54  Drone  
  17  0:58  Drone  
  18  1:09  Extractor  
  17  1:13  Spawning Pool  
  17  1:15  Drone  
  17  1:19  Drone  
  18  1:27  Drone  
  19  1:38  Drone  
  20  1:48  Overlord  
  20  1:59  Queen x2  
  20  2:00  Zergling x4  
  26  2:10  Drone  
  26  2:11  Drone  
  26  2:12  Metabolic Boost  
  28  2:21  Drone x2  
  29  2:38  Spore Crawler  
  29  2:39  Hatchery  
  29  2:41  Drone  
  29  2:47  Queen  
  31  2:52  Pneumatized Carapace  
  31  2:56  Overlord  
  31  2:59  Drone  
  31  3:02  Drone  
  31  3:04  Drone  
  34  3:06  Drone  
  35  3:15  Overlord  
  35  3:18  Drone  
  35  3:19  Drone x2  
  38  3:23  Queen  
  38  3:27  Drone x2  
  42  3:29  Drone  
  43  3:36  Zergling x4  
  43  3:38  Queen  
  43  3:41  Drone  
  48  3:42  Drone  
  48  3:45  Drone  
  48  3:46  Drone  
  51  3:51  Overlord  
  51  3:54  Zergling x4  
  53  3:56  Drone  
  53  4:00  Queen  
  53  4:01  Drone  
  57  4:06  Overlord  
  57  4:11  Drone x3  
  57  4:12  Overlord  
  57  4:14  Drone x2  
  62  4:18  Queen  
  64  4:25  Drone x3  
  64  4:30  Drone  
  68  4:31  Lair  
  68  4:33  Extractor  
  68  4:37  Drone x4  
  71  4:40  Drone, Baneling Nest  
  71  4:43  Zergling x4  
  74  4:45  Drone x2  
  74  4:52  Drone x2  
  77  4:53  Drone x3  
  80  5:03  Drone, Overlord  
  81  5:07  Overlord  
  81  5:08  Hatchery, Drone  
  81  5:09  Extractor  
  81  5:11  Extractor  
  79  5:18  Overlord  
  79  5:20  Drone x2  
  81  5:21  Overlord  
  81  5:22  Drone x2  
  81  5:23  Drone  
  84  5:30  Overlord  
  84  5:31  Centrifical Hooks, Evolution Chamber  
  84  5:35  Evolution Chamber  
  82  5:43  Zergling x24  
  82  5:46  Queen  
  82  5:48  Overlord  
  82  5:49  Zergling x2  
  97  5:51  Zergling x2  
  97  5:54  Overseer  
  97  5:55  Overlord  
  98  5:57  Zerg Ground Armor Level 1  
  98  5:59  Zergling x2  
  98  6:02  Zerg Melee Weapons Level 1  
  98  6:03  Zergling x8  
  103  6:07  Zergling x2  
  104  6:14  Zergling x4  
  104  6:16  Zergling x10  
  104  6:17  Zergling x2  
  96  6:20  Zergling x4  
  96  6:27  Zergling x4  
  96  6:30  Drone  
  96  6:31  Drone  
  96  6:32  Zergling x6  
  103  6:35  Drone x2  
  105  6:40  Baneling  
  105  6:41  Baneling x3  
  105  6:43  Overlord  
  105  6:45  Baneling x3, Zergling x2  
  105  6:46  Baneling x3  
  108  6:47  Drone x2  
  108  6:49  Queen  
  108  6:52  Zergling x6  
  110  6:56  Zergling x8  
  110  6:58  Zergling x4  
  110  7:00  Baneling x4  
  102  7:02  Zergling x2  
  102  7:03  Queen x2  
  102  7:06  Zergling x8  
  107  7:09  Zergling x4  
  107  7:10  Zergling x2  
  107  7:13  Zergling x4  
  107  7:14  Drone  
  101  7:19  Drone x2  
  101  7:20  Zergling x4  
  101  7:21  Zergling x2  
  97  7:26  Zergling x4, Overseer  
  94  7:30  Baneling  
  94  7:31  Baneling x4, Zergling x4  
  94  7:32  Zergling x2  
  94  7:33  Queen  
  94  7:36  Zergling x6  
  102  7:37  Baneling x4  
  102  7:38  Zergling x4  
  97  7:46  Zergling x4  
  97  7:49  Drone x2  
  101  7:52  Baneling x3  
  101  7:53  Baneling, Zergling x2  
  103  7:58  Drone x2  
  103  8:00  Drone  
  103  8:02  Queen  
  103  8:04  Zergling x8  
  103  8:05  Zergling x6  
  109  8:07  Zergling x2  
  109  8:09  Zergling x2  
  106  8:17  Zergling x6  
  106  8:18  Zerg Ground Armor Level 2, Zerg Melee Weapons Level 2  
  106  8:19  Queen  
  105  8:21  Baneling x2  
  105  8:24  Baneling x7  
  105  8:25  Zergling x4  
  109  8:27  Drone x2  
  109  8:30  Drone  
  112  8:34  Overlord  
  112  8:35  Drone x9  
  112  8:38  Queen  
  112  8:41  Zergling x2  
  124  8:42  Overlord  
  124  8:44  Drone x3  
  124  8:47  Zergling x4  
  129  8:54  Baneling x6  
  129  8:55  Zergling x4  
  127  8:57  Zergling x4  
  127  9:01  Zergling x2  
  127  9:02  Zergling x2  
  124  9:06  Zergling x12  
  124  9:08  Zergling x4  
  124  9:16  Zergling x2  
  115  9:19  Zergling x4  
  115  9:21  Zergling x2  
  115  9:22  Baneling x2  
  115  9:23  Zergling x6  
  116  9:24  Baneling x5  
  116  9:25  Baneling x8, Queen x3  
  116  9:26  Queen  
  123  9:32  Zergling x8  
  127  9:44  Zergling x2  
  127  9:45  Zergling x4  
  128  9:46  Hatchery, Zergling x2  
  128  9:49  Zergling x4  
  130  9:54  Zergling x4  
  130  9:57  Zergling x8  
  128  10:01  Queen  
  128  10:04  Zergling x10  
  133  10:09  Zergling x4  
  133  10:10  Baneling x13  
  133  10:13  Zergling x2  
  133  10:14  Zergling x10  
  140  10:15  Queen  
  140  10:19  Zergling x6  
  140  10:20  Infestation Pit  
  145  10:25  Zergling x2  
  145  10:27  Zergling x4  
  148  10:33  Overlord  
  134  10:36  Baneling x7  
  134  10:42  Zergling x14  
  139  10:45  Overseer  
  139  10:47  Zergling x8  
  139  10:48  Zergling x2  
  143  10:50  Overlord  
  143  10:54  Zergling x10  
  142  10:58  Zergling x2  
  142  11:01  Zergling x2  
  139  11:06  Drone x3, Queen  
  139  11:09  Extractor, Baneling x9  
  139  11:10  Zergling x2  
  144  11:11  Zergling x4  
  144  11:14  Hatchery  
  144  11:15  Zergling x4  
  144  11:17  Zergling x2  
  152  11:20  Overlord  
  152  11:23  Baneling x4  
  152  11:24  Zergling x4  
  152  11:25  Baneling, Zergling x8  
Show
View Real Time Build Order
Export as new Build Order

uwuThermal Terran 

Build Orders: Reaper Expand 

Get SALT Encoding   

  12  0:00  SCV  
  13  0:12  SCV  
  14  0:17  Supply Depot  
  14  0:24  SCV  
  15  0:38  SCV  
  15  0:40  Barracks  
  16  0:43  Refinery  
  16  0:50  SCV  
  17  1:02  SCV  
  18  1:14  SCV  
  19  1:27  Reaper, Orbital Command  
  20  1:38  Command Center  
  20  1:47  Supply Depot  
  20  1:53  SCV  
  21  1:59  Marine  
  22  2:05  SCV  
  22  2:08  Factory  
  23  2:17  SCV  
  23  2:20  Barracks Reactor  
  25  2:30  SCV  
  25  2:42  SCV, Command Center  
  26  2:50  Orbital Command  
  26  2:54  SCV  
  27  3:00  Hellion x2  
  27  3:03  Barracks Tech Lab  
  31  3:06  SCV  
  31  3:11  Refinery  
  32  3:16  SCV  
  32  3:18  SCV  
  34  3:22  Hellion x2  
  34  3:26  Stimpack  
  38  3:27  Marine  
  38  3:28  SCV  
  38  3:31  SCV  
  41  3:41  SCV  
  42  3:43  SCV  
  42  3:46  Marine  
  44  3:50  Barracks  
  44  3:53  SCV, Barracks, Factory Reactor  
  44  3:55  Orbital Command  
  45  3:58  SCV  
  46  4:03  Marine  
  46  4:05  SCV  
  48  4:10  SCV, Supply Depot  
  49  4:17  SCV  
  49  4:19  Orbital Command  
  49  4:21  Marine  
  49  4:22  SCV, Engineering Bay x2  
  52  4:27  Refinery  
  52  4:29  SCV  
  53  4:34  SCV  
  53  4:38  Starport, Marine  
  55  4:39  Factory Reactor, Marine  
  55  4:41  SCV  
  55  4:45  SCV, Marine  
  59  4:46  SCV, Marine x2  
  59  4:50  Supply Depot  
  62  4:53  SCV  
  62  4:55  Marine  
  62  4:57  SCV, Marine, Terran Infantry Weapons Level 1, Terran Infantry Armor Level 1  
  62  4:58  SCV  
  67  5:02  Supply Depot  
  67  5:05  Marine x2  
  69  5:11  SCV x2, Marine  
  72  5:16  Barracks  
  72  5:17  Barracks  
  72  5:20  SCV  
  72  5:21  Marine  
  74  5:22  Refinery, Factory Reactor  
  74  5:23  SCV  
  74  5:26  Supply Depot  
  74  5:27  Medivac  
  77  5:28  Medivac  
  77  5:30  SCV  
  77  5:31  Marine  
  77  5:32  Marine  
  82  5:37  Marine  
  82  5:38  Marine, Supply Depot  
  82  5:40  SCV  
  82  5:42  Marine  
  85  5:48  SCV, Marine  
  87  5:51  SCV, Supply Depot  
  87  5:52  SCV  
  87  5:53  Marine  
  87  5:54  Supply Depot  
  90  5:59  Medivac  
  90  6:00  SCV, Medivac  
  90  6:02  Widow Mine  
  90  6:04  Marine x2, Supply Depot  
  98  6:08  Barracks Reactor  
  98  6:09  Barracks Reactor  
  99  6:15  Marine  
  99  6:18  Marine  
  86  6:20  Marine  
  86  6:21  Widow Mine, Marine x2  
  86  6:22  SCV  
  86  6:23  Widow Mine  
  93  6:26  SCV  
  93  6:27  SCV  
  93  6:29  Armory  
  93  6:30  Medivac x2  
  93  6:31  Combat Shield  
  99  6:33  Marine  
  99  6:35  SCV, Marine  
  99  6:36  Refinery  
  99  6:37  Marine  
  99  6:38  SCV  
  99  6:39  SCV, Marine  
  106  6:45  Widow Mine x2  
  110  6:48  SCV  
  110  6:49  Marine x2  
  110  6:50  Marine  
  110  6:52  Supply Depot  
  114  6:56  Marine x2  
  114  6:57  Marine  
  114  6:58  Marine  
  114  6:59  Marine x2  
  114  7:00  SCV  
  113  7:03  Medivac  
  113  7:06  Widow Mine  
  117  7:14  Marine x2  
  112  7:18  Widow Mine  
  112  7:19  Marine  
  106  7:23  Marine x3  
  106  7:24  Marine x2  
  106  7:26  SCV x3, Marine  
  106  7:27  Widow Mine  
  106  7:28  Terran Infantry Armor Level 2, Terran Infantry Weapons Level 2  
  104  7:32  Marine  
  104  7:33  Marine  
  106  7:38  SCV x3  
  106  7:39  Widow Mine, Marine  
  106  7:43  Marine  
  111  7:45  Marine  
  111  7:49  Widow Mine, Marine  
  111  7:50  SCV x3  
  111  7:51  Factory  
  114  7:52  Marine x3  
  114  7:57  Medivac  
  119  8:01  Widow Mine  
  119  8:02  SCV, Marine  
  119  8:05  Marine  
  126  8:07  Marine  
  126  8:08  Marine x2  
  126  8:10  Marine  
  126  8:12  Widow Mine  
  122  8:14  Marine  
  122  8:16  SCV, Marine  
  122  8:18  Supply Depot  
  122  8:19  Marine  
  123  8:20  Marine  
  123  8:22  Marine  
  123  8:25  Marine  
  123  8:26  Marine  
  128  8:29  Marine  
  128  8:32  Widow Mine  
  131  8:34  Factory Tech Lab  
  131  8:35  Marine, Supply Depot  
  131  8:36  Marine  
  133  8:42  Liberator  
  133  8:45  Widow Mine, Marine x2  
  125  8:58  Marine x2  
  125  8:59  SCV x2  
  129  9:06  Marine  
  129  9:07  Marine x2  
  129  9:08  Widow Mine  
  129  9:09  SCV  
  126  9:12  Marine  
  126  9:13  Marine  
  126  9:14  Marine  
  126  9:15  Marine  
  129  9:21  Marine x2  
  129  9:22  Widow Mine x2  
  129  9:23  SCV, Marine  
  129  9:24  Drilling Claws, SCV  
  124  9:25  Marine x2  
  124  9:27  SCV  
  124  9:30  Marine x2, Command Center  
  129  9:32  Marine  
  129  9:34  Marine  
  129  9:39  Marine x2  
  129  9:41  Marine  
  129  9:42  Marine  
  129  9:43  Marine  
  134  9:47  SCV  
  134  9:48  Marine  
  134  9:51  Widow Mine  
  137  9:58  Marine x3  
  132  10:00  Widow Mine  
  132  10:05  Marine x2  
  132  10:06  Marine x2  
  132  10:07  Widow Mine, Liberator  
  133  10:08  Marine, Liberator, SCV  
  133  10:12  SCV  
  133  10:13  SCV  
  142  10:15  Marine  
  142  10:18  Marine x2  
  142  10:20  SCV, Sensor Tower  
  145  10:21  Supply Depot  
  145  10:23  Supply Depot  
  145  10:24  SCV  
  146  10:32  Marine  
  146  10:34  Marine  
  146  10:35  SCV, Marine  
  129  10:40  SCV  
  125  10:46  SCV  
  124  10:50  SCV  
  124  10:52  SCV  
  126  11:00  SCV  
  126  11:02  SCV  
  128  11:05  Marine x2  
  128  11:06  SCV  
  128  11:08  Widow Mine x2, Marine x3  
  128  11:09  Medivac x2  
  142  11:12  SCV  
  142  11:15  SCV, Marine  
  142  11:16  Marine  
Tags
 
Add a new tag
Caveats
  • Supply blocks, unpowered buildings, or Contaminate may cause inaccurate times.
  • Supply counts are checked every 10 seconds.